AoeStats
← hwdelves

Arena

509859223Analyzed
3v3 RM · 4d ago on Sep 28, 2026· 93m 7s· 6 players
Game mode
Random Map
Map size
Normal (6 player)
Population
200
Speed
Normal
Resources
Standard
Victory
Conquest
Starting age
Dark Age
Ending age
Imperial Age
RankedLock teamsTeams togetherTeam positionsShared explorationLock speedFull tech treeHidden civsTurbo modeCheats
Victory
Defeat
🇧🇷 Huns · Brazil
728
+13
🇦🇺 Turks · Australia
695
+14
🇦🇺 Mongols · Australia
653
+17
🇵🇭 Spanish · Philippines
694
-29
🇵🇭 Britons · Philippines
647
-14
🇵🇭 Celts · Philippines
643
-14
JuicyLucy
13:38 Feudal Age
18:43 Castle Age
18:35 Double-Bit Axe
18:46 Gold Mining
18:53 Horse Collar
26:15 Forging
28:56 Scale Barding Armor
29:27 Iron Casting
30:03 Chain Barding Armor
30:10 Heavy Plow
30:05 Stone Mining
30:59 Husbandry
31:11 Bloodlines
34:16 Imperial Age
34:28 Elite Conquistador
36:26 Conscription
37:50 Plate Barding Armor
38:35 Blast Furnace
47:22 Cavalier
71:39 Squires
Dovoa
12:44 Feudal Age
14:50 Padded Archer Armor
14:40 Fletching
14:39 Double-Bit Axe
18:55 Castle Age
16:43 Loom
17:08 Horse Collar
18:49 Loom
22:19 Town Watch
23:09 Wheelbarrow
25:37 Stone Mining
25:37 Gold Mining
29:22 Town Patrol
29:37 Hand Cart
29:31 Padded Archer Armor
29:22 Fletching
31:23 Heavy Plow
31:16 Gold Mining
31:58 Bow Saw
32:58 Ballistics
32:19 Treadmill Crane
32:52 Crossbowman
34:20 Hand Cart
40:02 Yeomen
47:29 Masonry
47:11 Heated Shot
47:31 Fortified Wall
47:12 Guard Tower
47:42 Leather Archer Armor
47:22 Bodkin Arrow
48:12 Gold Shaft Mining
55:43 Pikeman
79:31 Gambesons
bane
8:54 Loom
11:23 Feudal Age
12:54 Horse Collar
16:23 Castle Age
14:53 Double-Bit Axe
15:12 Stone Mining
21:14 Arson
23:28 Stone Shaft Mining
23:05 Pikeman
24:33 Stronghold
25:46 Bow Saw
26:59 Wheelbarrow
26:50 Heavy Plow
28:07 Scale Mail Armor
28:17 Forging
28:55 Ballistics
29:57 Gold Mining
30:54 Hand Cart
32:27 Gold Shaft Mining
32:54 Chain Mail Armor
32:49 Forging
36:43 Imperial Age
36:36 Iron Casting
38:29 Chemistry
37:41 Siege Engineers
38:39 Blast Furnace
38:10 Plate Mail Armor
37:16 Halberdier
38:25 Conscription
38:45 Furor Celtica
39:19 Heavy Scorpion
45:29 Elite Woad Raider
46:45 Hoardings
DISK PIZZA
11:21 Feudal Age
13:07 Wheelbarrow
14:38 Double-Bit Axe
16:29 Horse Collar
20:01 Castle Age
21:24 Stone Mining
22:52 Gold Mining
27:23 Gold Shaft Mining
29:52 Imperial Age
28:10 Heavy Plow
28:48 Marauders
29:07 Bow Saw
30:10 Scale Barding Armor
30:20 Forging
34:39 Two-Man Saw
34:38 Chain Barding Armor
35:56 Plate Barding Armor
35:57 Iron Casting
35:37 Husbandry
35:47 Bloodlines
36:39 Conscription
36:57 Elite Tarkan
39:12 Blast Furnace
56:31 Man-at-Arms
57:09 Long Swordsman
60:17 Parthian Tactics
59:12 Heavy Cavalry Archer
62:16 Two-Handed Swordsman
80:15 Elite Skirmisher
hwdelves
11:01 Feudal Age
11:42 Double-Bit Axe
13:29 Wheelbarrow
20:06 Castle Age
21:18 Bloodlines
21:48 Stone Mining
24:21 Husbandry
24:32 Scale Barding Armor
24:37 Forging
26:57 Hand Cart
30:07 Gold Mining
30:42 Bow Saw
32:41 Chain Barding Armor
32:58 Iron Casting
36:14 Imperial Age
37:52 Plate Barding Armor
36:44 Cavalier
37:20 Horse Collar
49:35 Elite Janissary
50:36 Conscription
52:49 Gold Shaft Mining
55:31 Blast Furnace
will
11:23 Feudal Age
11:57 Double-Bit Axe
11:59 Horse Collar
19:48 Castle Age
20:28 Light Cavalry
21:54 Heavy Plow
24:06 Bloodlines
24:01 Husbandry
24:56 Gold Mining
25:46 Bow Saw
27:39 Wheelbarrow
27:44 Town Watch
28:41 Stone Mining
30:24 Hand Cart
30:10 Town Patrol
30:53 Scale Barding Armor
38:34 Imperial Age
36:26 Caravan
37:35 Chain Barding Armor
37:14 Murder Holes
37:30 Masonry
37:41 Ballistics
40:26 Elite Mangudai
44:20 Hussar
47:18 Hoardings
47:56 Forging
78:56 Elite Skirmisher
82:50 Thumb Ring
Connection lost

Rejoining the realm…

Still unreachable

The connection could not be restored.

Session expired

The server has moved on; the page needs a fresh start.